 Dungeon Crawl Stone Soup version 0.23-a0-550-g7de1f8e (webtiles) character file.

17 tidbits the Caller (level 2, -1/20 HPs)
             Began as a Gnoll Summoner on Dec 8, 2018.
             Succumbed to kobold's curare-tipped needle
             ... on level 3 of the Dungeon.
             The game lasted 00:02:18 (198 turns).

tidbits the Caller (Gnoll Summoner)                  Turns: 198, Time: 00:02:19

Health: -1/20      AC:  2    Str: 10    XL:     2   Next: 62%
Magic:  7/7        EV: 14    Int: 17    God:
Gold:   5          SH:  0    Dex: 15    Spells: 7/10 levels left

rFire    . . .     SeeInvis .   a - +0 spear
rCold    . . .     Gourm    .   (no shield)
rNeg     . . .     Faith    .   e - +0 robe
rPois    .         Spirit   .   (no helmet)
rElec    .         Reflect  .   (no cloak)
rCorr    .         Harm     .   (no gloves)
MR       .....                  (no boots)
Stlth    +++.......             (no amulet)
HPRegen  0.06/turn              (no ring)
MPRegen  0.10/turn              (no ring)

@: lethally poisoned (-1 -> -24), flying, slowed, invisible, very slow
A: distributed training, fangs 1, strong nose
a: no special abilities


You were on level 3 of the Dungeon.
You were not hungry.

You visited 1 branch of the dungeon, and saw 3 of its levels.

You collected 5 gold pieces.

Inventory:

Hand Weapons
 a - a +0 spear (weapon)
 i - a +0 blowgun
Missiles
 h - 20 bolts
 j - 7 poisoned needles
Armour
 e - a +0 robe (worn)
Scrolls
 d - a scroll of teleportation {unknown}
 f - 2 scrolls of identify {unknown}
 g - a scroll of remove curse {unknown}
Potions
 b - 2 potions of invisibility
Comestibles
 c - 4 rations


   Skills:
 + Level 0.4 Fighting
 + Level 0.4 Short Blades
 + Level 0.4 Long Blades
 + Level 0.4 Axes
 + Level 0.4 Maces & Flails
 + Level 0.4 Polearms
 + Level 0.4 Staves
 + Level 0.4 Slings
 + Level 0.4 Bows
 + Level 0.4 Crossbows
 + Level 0.4 Throwing
 + Level 0.4 Armour
 + Level 4.5 Dodging
 + Level 4.1 Stealth
 + Level 0.4 Shields
 + Level 0.4 Unarmed Combat
 + Level 4.9 Spellcasting
 + Level 0.2 Conjurations
 + Level 0.2 Hexes
 + Level 0.2 Charms
 + Level 7.0 Summonings
 + Level 0.2 Necromancy
 + Level 0.2 Translocations
 + Level 0.2 Transmutations
 + Level 0.2 Fire Magic
 + Level 0.2 Ice Magic
 + Level 0.2 Air Magic
 + Level 0.2 Earth Magic
 + Level 0.2 Poison Magic
 + Level 0.5 Invocations
 + Level 0.4 Evocations


You had 7 spell levels left.
You knew the following spells:

 Your Spells              Type           Power        Failure   Level  Hunger
a - Summon Small Mammal   Summ           ####         1%          1    None
i - Call Imp              Summ           ####....     1%          2    #......

Your spell library contained the following spells:

 Spells                   Type           Power        Failure   Level  Hunger
 Call Canine Familiar     Summ           ####....     2%          3    ###....
 Summon Guardian Golem    Hex/Summ       ###.....     10%         3    ###....
 Summon Ice Beast         Ice/Summ       ###.....     30%         4    ####...
 Summon Lightning Spire   Summ/Air       ###.....     30%         4    ####...


Dungeon Overview and Level Annotations

Branches:
Dungeon (3/15)

Altars:


Innate Abilities, Weirdness & Mutations

Your experience applies equally to all skills.
You have very sharp teeth.
Your uncanny sense of smell can sniff out nearby items.


Message History

Aim: a rat You reach to attack!
You hit the rat.
You kill the rat!
Found 20 bolts.
Found a stone staircase leading down.
You see here a scroll labeled IMAELEGROO.
g - a scroll labeled IMAELEGROO You see here 20 bolts.
h - 20 bolts
There is a stone staircase leading down here.
You climb downwards.
Your summoned ally is left behind.
A frilled lizard comes into view.
Found three items.
There is a stone staircase leading up here.
Unknown command.
Casting: Summon Small Mammal (safe; 1% risk of failure)
Confirm with . or Enter, or press ? or * to list all spells.
The frilled lizard hisses angrily.
Attack whom?
Press: ? - help, Dir - move target cursor, f - frilled lizard
Aim: a frilled lizard You reach to attack!
You hit the frilled lizard.
The frilled lizard is heavily wounded.
Your quokka misses the frilled lizard. You hit the frilled lizard.
You kill the frilled lizard!
You swap places.
You see here a scroll labeled ZUIWABL BEGG.
f - 2 scrolls labeled ZUIWABL BEGG (gained 1)
A kobold comes into view.
Unknown command.
Attack whom?
Press: ? - help, Dir - move target cursor, f - kobold
Aim: a kobold (resting)
You reach to attack!
The helpless kobold fails to defend itself.
You hit the kobold but do no damage.
The kobold wields a +0 blowgun.
The kobold shoots a poisoned needle.
The poisoned needle closely misses you. The poisoned needle hits your quokka!
Your quokka is poisoned.
Attack whom?
Press: ? - help, Dir - move target cursor, f/p - kobold
Aim: a kobold, wielding a +0 blowgun You reach to attack!
You closely miss the kobold.
The kobold shoots a poisoned needle.
The poisoned needle hits your quokka!
Your quokka looks as sick as possible!
You swap places.
Your quokka dies!
Your quokka's corpse disappears in a puff of smoke!
The kobold unwields a +0 blowgun.
The kobold closely misses you.
You see here a poisoned needle.
Casting: Summon Small Mammal (safe; 1% risk of failure)
Confirm with . or Enter, or press ? or * to list all spells.
The kobold hits you. The kobold barely misses you.
You hit the kobold.
The kobold is moderately wounded.
The kobold closely misses you.
You hit the kobold.
The kobold is moderately wounded.
Your quokka bites the kobold but does no damage.
The kobold barely misses you.
You hit the kobold.
The kobold is severely wounded.
Your quokka closely misses the kobold.
The kobold barely misses you.
Your quokka closely misses the kobold.
You hit the kobold.
You kill the kobold!
Things that are here:
a +0 blowgun; 7 poisoned needles; a kobold corpse
i - a +0 blowgun;
j - 7 poisoned needles A kobold comes into view.
It is wielding a +0 dagger.
The kobold shouts!
The kobold unwields a +0 dagger.
The kobold wields a +0 blowgun.
The kobold shoots a curare-tipped needle.
The curare-tipped needle hits you.
You are lethally poisoned!
You have difficulty breathing.
You feel yourself slow down.
You see here a curare-tipped needle.
Unknown command.
* * * LOW HITPOINT WARNING * * *
You feel very sick.
The kobold shoots a curare-tipped needle.
The curare-tipped needle closely misses you.
Things that are here:
a curare-tipped needle; a silvery potion It was a potion of flight.
You feel very buoyant.
You fly up into the air.
* * * LOW HITPOINT WARNING * * *
You feel sick.
The kobold shoots a curare-tipped needle.
The curare-tipped needle hits you.
You are more poisoned.
You have difficulty breathing.
* * * LOW HITPOINT WARNING * * *
You feel as though you will be slow longer.
It was a potion of invisibility.
You fade into invisibility!
You die...

##.# ###.
##<.##....# .
#.†....?.. ..
#....#.... #.#
##....#..###
##...##..........
...........#...#
####....####..##
∆ ###.(.(†r@..#
#.....(...#
#.........#
#...........#
#..........##
...........##
..#.........#
.##.K.......#
#.........#


You could see a kobold and a friendly quokka.

Vanquished Creatures
  A hobgoblin (D:1)
  2 frilled lizards
  A kobold (D:3)
  A rat (D:2)
5 creatures vanquished.

Vanquished Creatures (collateral kills)
  A gnoll (D:1)
  3 dart slugs (D:1)
  2 bats (D:1)
  A goblin (D:1)
  A rat (D:1)
8 creatures vanquished.

Grand Total: 13 creatures vanquished

Notes
Turn   | Place    | Note
-------+----------+-------------------------------------------
     0 | D:1      | tidbits the Gnoll Summoner began the quest for the Orb.
     0 | D:1      | Reached XP level 1. HP: 13/13 MP: 6/6
   104 | D:1      | Reached XP level 2. HP: 20/20 MP: 3/7
   108 | D:1      | Learned a level 2 spell: Call Imp
   197 | D:3      | HP: 2/20 [asphyx]
   198 | D:3      | Succumbed to kobold's curare-tipped needle

Vault maps used:
D:1:      lightli_arrival_farm, minmay_distorted
D:2:      vehumet_crystals, overflow_temple_1_default, serial_glass,
          glass_columns_c, glass_columns_a, item_on_display_b,
          item_on_display_a, due_unseen_surprise, uniq_robin
D:3:      nicolae_tso_carved_into_rock, chequers_ecumenical_altar_simple_redux

Action                   || total
-------------------------++-------
Melee: Unarmed           ||    10
       Bite              ||     2
       Spear             ||    15
 Cast: Summon Small Mamm ||    14
  Use: Potion            ||     2
 Stab: Sleeping          ||     4
Armor: Robe              ||     5
Dodge: Dodged            ||    19

Table legend:
 A = Non-vault XP
 B = Vault XP
 C = Vault XP percentage of total XP
 D = Non-vault monster count
 E = Vault monster count
 F = Vault count percentage of total count
                 A         B        C        D         E       F
            +---------+---------+-------+---------+---------+-------
      Total |      24 |       1 |   4.0 |      12 |       1 |   7.7
            +---------+---------+-------+---------+---------+-------
        D:1 |      21 |       1 |   4.5 |       9 |       1 |  10.0
        D:2 |       1 |       0 |   0.0 |       1 |       0 |   0.0
        D:3 |       2 |       0 |   0.0 |       2 |       0 |   0.0
            +---------+---------+-------+---------+---------+-------

Table legend:
 A = Turns spent in this place as a percentage of turns spent in the entire game.
 B = Non-inter-level travel turns spent in this place as a percentage of non-inter-level travel turns spent in the entire game.
 C = Inter-level travel turns spent in this place as a percentage of turns spent in this place.
 D = Turns resting spent in this place as a percentage of non-inter-level travel turns spent in this place.
 E = Turns spent auto-exploring this place as a percentage of non-inter-level travel turns spent in this place.
 F = Non-inter-level travel turns spent in this place divided by the number of levels of this place that you've seen.
                   A       B       C       D       E      F
               +-------+-------+-------+-------+-------+----------------------
         Total | 100.0 | 100.0 |   0.0 |   0.0 |   0.0 |  66.0
       Dungeon | 100.0 | 100.0 |   0.0 |   0.0 |   0.0 |  66.0
               +-------+-------+-------+-------+-------+----------------------

Table legend:
 A = Kills in this place as a percentage of kills in entire the game.
 B = Kills by you in this place as a percentage of kills by you in the entire game.
 C = Kills by friends in this place as a percentage of kills by friends in the entire game.
 D = Other kills in this place as a percentage of other kills in the entire game.
 E = Experience gained in this place as a percentage of experience gained in the entire game.
 F = Experience gained in this place divided by the number of levels of this place that you have seen.
                   A       B       C       D       E      F
               +-------+-------+-------+-------+-------+----------------------
         Total | 100.0 | 100.0 | 100.0 |   N/A | 100.0 |   8.3
       Dungeon | 100.0 | 100.0 | 100.0 |   N/A | 100.0 |   8.3
               +-------+-------+-------+-------+-------+----------------------

Vault maps used:
D:1:      lightli_arrival_farm, minmay_distorted
D:2:      vehumet_crystals, overflow_temple_1_default, serial_glass,
          glass_columns_c, glass_columns_a, item_on_display_b,
          item_on_display_a, due_unseen_surprise, uniq_robin
D:3:      nicolae_tso_carved_into_rock, chequers_ecumenical_altar_simple_redux
